 Dungeon Crawl Stone Soup version 0.28.0-53-g5a82cb258f (webtiles) character file.

Game seed: 15982860500769074767

113 Zeld the Bolt Thrower (level 4, -2/28 HPs)
             Began as a Gargoyle Hunter on June 3, 2022.
             Slain by a ball python (3 damage)
             ... on level 2 of the Dungeon.
             The game lasted 00:02:26 (2611 turns).

Zeld the Bolt Thrower (Gargoyle Hunter)             Turns: 2611, Time: 00:02:26

Health: -2/28      AC:  6    Str: 17    XL:     4   Next: 96%
Magic:  4/4        EV:  8    Int: 12    God:
Gold:   33         SH:  0    Dex: 10    Spells: 3/3 levels left

rFire   . . .      SeeInvis .   d - +0 short sword
rCold   . . .      Faith    .   (no shield)
rNeg    + . .      Spirit   .   c - +0 leather armour
rPois   ∞          Reflect  .   (no helmet)
rElec   +          Harm     .   (no cloak)
rCorr   .          Rampage  .   (no gloves)
Will    .....                   (no boots)
Stlth   ++........              (no amulet)
HPRegen 0.09/turn               (no ring)
MPRegen 0.09/turn               (no ring)

@: constricted
A: sickness immunity, AC +3, negative energy resistance 1, electricity
resistance, torment resistance 1, petrification resistance
a: no special abilities


You were on level 2 of the Dungeon.
You visited 1 branch of the dungeon, and saw 3 of its levels.

You collected 104 gold pieces.
You spent 71 gold pieces at shops.

Inventory:

Hand Weapons
 a - a +1 hand crossbow
 d - a +0 short sword (weapon)
Armour
 c - a +0 leather armour (worn)
Scrolls
 b - 2 scrolls of vulnerability {unknown}
 f - a scroll of magic mapping
 h - a scroll of identify
 i - 2 scrolls of immolation {unknown}
Potions
 e - 3 potions of haste {unknown}
 g - 3 potions of might {unknown}


   Skills:
 + Level 3.2 Fighting
 * Level 4.7 Crossbows
 + Level 2.3 Dodging
 + Level 2.7 Stealth


You had 3 spell levels left.
You didn't know any spells.
Your spell library was empty.

Dungeon Overview and Level Annotations

Branches:
Dungeon (3/15)

Altars:

Shops:
D:2 ?

Annotations:
D:3 3 runed translucent doors, Grinder; KittyFluff's ghost, amateur GrBe; Natasha


Innate Abilities, Weirdness & Mutations

You are immune to sickness and miasma.
Your stone body is resilient. (AC +3)
You are immune to poison.
You resist negative energy. (rN+)
You are resistant to electric shocks. (rElec)
You are resistant to unholy torment.
You are immune to petrification.


Message History

The ball python barely misses you. The ball python misses you.
There is a stone staircase leading up here.
The ball python closely misses you. The ball python grabs you.
The ball python constricts you.
You see here a +0 short sword.
d - a +0 short sword The ball python bites you.
* * * LOW HITPOINT WARNING * * *
The ball python constricts you.
* * * LOW HITPOINT WARNING * * *
d - a +0 short sword (weapon)
You hit the ball python but do no damage.
The ball python closely misses you. The ball python constricts you.
* * * LOW HITPOINT WARNING * * *
The ball python misses you. The ball python constricts you.
You hit the ball python.
The ball python is moderately wounded.
The ball python barely misses you. The ball python constricts you.
You hit the ball python.
The ball python is heavily wounded.
The ball python bites you.
* * * LOW HITPOINT WARNING * * *
The ball python constricts you.
You closely miss the ball python.
The ball python is heavily wounded.
The ball python bites you but does no damage.
The ball python constricts you. The ball python barely misses you.
The ball python constricts you.
You barely miss the ball python.
The ball python is heavily wounded.
The ball python barely misses you. The ball python constricts you.
* * * LOW HITPOINT WARNING * * *
You barely miss the ball python.
The ball python is heavily wounded.
The ball python closely misses you. The ball python constricts you.
You barely miss the ball python.
The ball python is heavily wounded.
The ball python barely misses you. The ball python constricts you.
The ball python bites you.
You die...

##.#####.#
#.############
.)...÷...#
#............#
##.#######
###########.##
#.#
#...........#
#.#
#.#######..##
#.# #.#.....#..#
#.# #.#.#...#..#
#.# #.#.#S###..#
#.# #.#<@......#
##.##
#.#.######.#
....#
#..........#
....#
#############
....#
#........<#
##.##
#.######### #.#
#.#
#.############.#
#..............#


You could see a ball python.

Vanquished Creatures
  Jessica (D:3)
  Natasha (D:3)
  2 dart slugs
  A worm (D:3)
  2 endoplasms
  2 giant cockroaches
  2 goblins
  2 hobgoblins (D:2)
  11 jackals (D:1)
  3 kobolds
  6 quokkas
  3 ball pythons
  3 bats
  A frilled lizard (D:3)
  14 rats
54 creatures vanquished.

Notes
Turn   | Place    | Note
-------+----------+-------------------------------------------
     0 | D:1      | Zeld the Gargoyle Hunter began the quest for the Orb.
     0 | D:1      | Reached XP level 1. HP: 12/12 MP: 1/1
   166 | D:1      | Reached XP level 2. HP: 18/18 MP: 2/2
   848 | D:1      | Found a faded altar of an unknown god.
   999 | D:1      | Reached XP level 3. HP: 22/22 MP: 3/3
  1238 | D:2      | Found Zunkit's Magic Scroll Shoppe.
  1250 | D:2      | Bought a scroll of identify for 26 gold pieces
  1866 | D:2      | Bought a scroll of magic mapping for 45 gold pieces
  1939 | D:3      | Found a runed translucent gate.
  1941 | D:3      | Found a runed translucent gate.
  1941 | D:3      | Found a runed translucent gate.
  1942 | D:3      | Noticed KittyFluff's ghost (amateur GrBe)
  1943 | D:3      | Identified the +6 whip "Veocuho" {freeze, SInv}
  2131 | D:3      | Noticed Jessica
  2131 | D:3      | Noticed Natasha
  2133 | D:3      | Killed Jessica
  2134 | D:3      | Reached XP level 4. HP: 20/28 MP: 4/4
  2142 | D:3      | Killed Natasha
  2480 | D:3      | Noticed Grinder
  2482 | D:3      | Noticed Natasha
  2488 | D:3      | Paralysed by Grinder for 2 turns
  2609 | D:2      | HP: 1/28 [constriction (1)]
  2611 | D:2      | Slain by a ball python

Illustrated notes

Levels and vault maps discovered:
D:1:      dpeg_arrival_three_smaller_balls, layout_basic,
          hellmonk_ecumenical_altar_inner_sanctum
D:2:      layout_basic, serial_shops, nicolae_shop_waterfront, moated_statue,
          minmay_rat_gold_closets
D:3:      layout_loops_cross, biasface_ghost_orc_armoury, minmay_misc_feat_rows,
          uniq_grinder, uniq_jessica, uniq_natasha

Skill      XL: |  1  2  3 |
---------------+----------+-----
Stealth        | 2 |  2.7
Dodging        | 2 |  2.3
Fighting       | 3 |  3.2
Crossbows      | |  4.7

Action                   |  1- 3 |  4- 6 || total
-------------------------+-------+-------++-------
Melee: Hand crossbow     |       |     8 ||     8
       Short sword       |       |     7 ||     7
 Fire: Hand crossbow     |    83 |    19 ||   102
  Use: Scroll            |       |     1 ||     1
Armor: Leather armour    |     5 |    20 ||    25
Dodge: Dodged            |    15 |    33 ||    48
